[Event "5th Sharjah Masters 2022"]
[Site "Sharjah"]
[Date "2022.05.27"]
[Round "7.17"]
[White "Sadhwani, Raunak"]
[Black "Can, Emre"]
[Result "0-1"]
[ECO "B51"]
[WhiteElo "2619"]
[BlackElo "2599"]
[Annotator "TA"]
[PlyCount "89"]
[EventDate "2022.05.21"]
[EventType "swiss"]
[EventCountry "UAE"]
[SourceTitle "playchess.com"]
[Source "ChessBase"]
[SourceQuality "1"]
[TimeControl "5400+30"]

1. e4 c5 2. Nf3 d6 3. Bb5+ Nd7 4. Be2 Ngf6 5. Nc3 g6 6. d4 {[%emt 0:00:20] B51: Sicilian: Moscow Variation (3 Bb5+) without 3...Bd7.} cxd4 7. Nxd4 Bg7 8. Be3 {[%emt 0:00:19] White has an edge.} a6 {[%emt 0:04:29] [#]} 9. f3 $146 ({Predecessor:} 9. a4 Qc7 10. O-O b6 11. Nd5 Nxd5 12. exd5 Bb7 13. c4 O-O 14. Rc1 Rae8 15. Qc2 {1-0 (32) Esipenko,A (2592)-Divya,D (2239) Riga 2021}) 9... b5 10. a4 bxa4 11. Nxa4 (11. Rxa4 $16 Nc5 12. Ra3) 11... d5 $11 12. Nc6 Qc7 13. exd5 Nxd5 14. Qxd5 Bb7 $1 15. Nc3 Bxc6 16. Qa5 $36 {[%emt 0:00:05][%mdl 2048] White has some pressure.} Qb7 17. Ra2 O-O 18. O-O Bb5 {[%emt 0:10:29] aiming for ...Bxc3.} 19. Qb4 ({Wrong is} 19. Nxb5 $2 axb5 20. Qxb5 (20. Ba7 $2 Qxa7+ 21. Qxa7 Rxa7 $19) 20... Qxb5 21. Bxb5 Rxa2 $19) 19... Bxc3 (19... Nb8 $11 {keeps the balance.}) 20. bxc3 $16 Qd5 21. c4 $1 Qe6 {[%emt 0:00:11] [#]} 22. Qb3 Bc6 23. Ra5 Rfb8 24. Qc3 Rc8 25. Qd4 Qf6 26. Qd2 Rd8 27. Rd1 Bb7 28. Ra3 (28. Bf1 $142) 28... Nf8 29. Qxd8 Rxd8 30. Rxd8 Kg7 31. Rb3 ({Weaker is} 31. Rb8 Qd6 32. Rxb7 Qxa3 33. Bd4+ Kg8 $17) 31... Ne6 32. Rdd3 Bc6 33. Rb6 Qa1+ 34. Bf1 Qa4 35. Bd2 (35. Bf2 $16) 35... Qxc4 $11 {[%emt 0:02:21] And now ...Bb5 would win.} 36. Bc3+ $2 (36. Re3 $1 $11 {and White stays safe.} Qd5 37. Rd3 Qc5+ 38. Be3 Qxc2 39. Rd2) 36... f6 $19 {[%emt 0:00:16] ...Qc5+ is the strong threat.} 37. Bb4 {[%emt 0:18:33] [#] Prevents Qc5+. This move loses the game for White.} (37. Be1 $17 {only move.} Bb5 38. Bf2) 37... Bb5 $1 38. Bxe7 Qxc2 39. Re3 (39. Rxb5 $142 axb5 40. Bb4) 39... Bxf1 40. Bxf6+ Kf7 41. Kxf1 Qc4+ 42. Kf2 Kxf6 {[%emt 0:00:07] Black is clearly winning.} 43. g4 {[%emt 0:00:10] [#]} g5 $1 44. h4 {[%emt 0:00:09] [#]} (44. Ke1 Kf7) 44... gxh4 45. f4 {[%emt 0:03:49] Weighted Error Value: White=0.47/Black=0.07 (flawless)} (45. Rd6 a5) 0-1

[Event "5th Sharjah Masters 2022"]
[Site "Sharjah"]
[Date "2022.05.27"]
[Round "7.18"]
[White "Iskandarov, Misratdin"]
[Black "Adhiban, B.."]
[Result "1-0"]
[ECO "A20"]
[WhiteElo "2601"]
[BlackElo "2616"]
[Annotator "TA"]
[PlyCount "119"]
[EventDate "2022.05.21"]
[EventType "swiss"]
[EventCountry "UAE"]
[SourceTitle "playchess.com"]
[Source "ChessBase"]
[SourceQuality "1"]
[TimeControl "5400+30"]

1. c4 e5 2. g3 Nf6 3. Bg2 h6 4. Nc3 Bb4 5. e4 Bxc3 6. bxc3 {[%emt 0:00:24] A20: English Opening: 1...e5.} O-O 7. Ne2 c6 8. O-O {[%emt 0:05:07] White is slightly better.} Re8 9. d3 d5 10. exd5 cxd5 11. cxd5 Nxd5 12. Qb3 Nb6 13. c4 Bg4 14. Re1 Nc6 15. Be3 {[%emt 0:05:06] [#]} Rb8 $5 $146 {[%emt 0:21:10][%mdl 8] New and interesting.} ({Predecessor:} 15... Qd7 16. Rab1 Rad8 17. c5 Nd5 18. Qxb7 Qxb7 19. Rxb7 Ncb4 20. Nc3 Nxe3 21. Rxe3 Nc2 {1-0 (53) Navara,D (2738)-So,W (2765) Saint Louis 2019}) 16. Rac1 Qd7 17. Nc3 Qxd3 18. Nb5 Qg6 {[%emt 0:01:18] [#]} 19. Nxa7 $1 Nd4 20. Bxd4 (20. Qc3 $11 {keeps the balance.}) 20... exd4 $17 21. f3 $2 (21. Bf1 $17 {was called for.}) 21... Bf5 22. Red1 d3 23. c5 Nd7 24. Qb4 Re2 25. Nb5 Rbe8 (25... Rxa2 $19 {...Qe6 is the strong threat.} 26. Nd4 Rba8) 26. Nd4 {[%emt 0:01:30] [#] Against Qe6} Rxa2 (26... Ne5 $1 $17 {[%cal Re5c6] White must now prevent ...Nc6.} 27. Qxb7 (27. Qb3 Qf6) 27... Qh5 $1 28. Nxe2 dxe2) 27. Qb3 {[%emt 0:01:40] [#]} Ra5 ({Black should try} 27... Ree2 $1 $15 28. Nxe2 Rxe2) 28. Qxb7 $11 Rxc5 {[%emt 0:04:55] White stays focused until the end.} (28... Nxc5 $2 29. Qb4 Rea8 30. Rxc5 $18) (28... Qf6 $11 {and Black stays safe.} 29. Qd5 (29. Nxf5 Qxf5 30. c6 Nc5 $11) 29... Re5) 29. Rxc5 $18 {[%emt 0:00:42][%mdl 64] Remove Defender} Nxc5 30. Qd5 Qb6 31. Nxf5 ({And not} 31. Qxf5 Rd8 32. Qf4 Nb3 33. Rxd3 Nxd4 $17) 31... Rd8 {[%emt 0:00:48] aiming for ...Ne4+.} 32. Qc6 Qa7 (32... Qb3 $142 33. Ne3 Qc3) 33. Kh1 d2 34. Bf1 Qa4 {[%emt 0:00:20] [#]} 35. Be2 Qxc6 36. Ne7+ Kf8 {[%emt 0:00:24] ( -> ...Qe6)} 37. Nxc6 Rd6 38. Ne5 Re6 (38... g5 $142 39. Nc4 Re6 40. Rxd2 Nb3) 39. f4 f6 40. Ng6+ Kf7 41. Bc4 Kxg6 42. Bxe6 Nxe6 43. Rxd2 {[%emt 0:00:06][%mdl 4096] Endgame KR-KN} f5 $2 (43... Nc5 44. f5+ Kg5) 44. Kg2 Kf6 45. Rd6 Ke7 46. Rb6 h5 (46... Kf7 $142 47. Kf2 Kf6) 47. Kf3 {[%emt 0:00:18] Hoping for Ke3.} Kf7 48. Ke3 g6 49. h4 Nc5 {[%emt 0:00:36] [#] Against Rb7+} 50. Kd4 $1 Ne4 {[%emt 0:00:02] [#]} 51. Ke5 $1 Kg7 52. Rb3 Nc5 53. Ra3 (53. Rb5 $142 Ne4 54. Ke6 Kh6 55. Rb6 Kg7 56. Rb7+ Kh6 57. Ra7 g5 58. Ra6) 53... Ne4 54. Ra7+ Kh6 55. Ke6 {[%emt 0:01:37] White mates.} Nxg3 56. Kf7 Kh7 57. Ra2 Ne4 58. Ra6 Nc5 59. Rxg6 Nd3 60. Rf6 {[%emt 0:00:13] Weighted Error Value: White=0.18 (very precise) /Black=0.60} 1-0

[Event "5th Sharjah Masters 2022"]
[Site "Sharjah"]
[Date "2022.05.27"]
[Round "7.19"]
[White "Azarov, Sergei"]
[Black "Nihal Sarin"]
[Result "0-1"]
[ECO "C07"]
[WhiteElo "2588"]
[BlackElo "2646"]
[Annotator "TA"]
[PlyCount "78"]
[EventDate "2022.05.21"]
[EventType "swiss"]
[EventCountry "UAE"]
[SourceTitle "playchess.com"]
[Source "ChessBase"]
[SourceQuality "1"]
[TimeControl "5400+30"]

1. e4 e6 2. d4 d5 3. Nd2 c5 4. Ngf3 cxd4 5. Nxd4 Nc6 6. Bb5 Bd7 7. Nxc6 bxc6 8. Bd3 Bd6 {[%emt 0:00:04] C07: French Tarrasch: 3...c5, 4 Ngf3 and 4 exd5 Qxd5.} 9. Qe2 e5 $1 {[%emt 0:00:10][%mdl 4] is now more promising than 9...Ne7.} 10. exd5 cxd5 {[%emt 0:00:55] The position is equal.} 11. c4 Ne7 12. cxd5 Nxd5 13. Nc4 Bb4+ 14. Bd2 O-O 15. O-O ({Avoid the trap} 15. Nxe5 $2 Nf4 16. Qe4 (16. Bxh7+ $2 Kh8 $19) 16... Bxd2+ 17. Kxd2 Nxd3 18. Qxd3 Qa5+ 19. Qc3 Qd5+ 20. Ke3 Rae8 $19) 15... Bxd2 $1 16. Qxd2 Nf4 $1 17. Be4 Bb5 18. Bxa8 Qxa8 {[%emt 0:04:23][%csl Gf4][%cal Ra8g2] [#]} 19. Ne3 {[%emt 0:00:13] [#]} Rd8 $146 ({Predecessor:} 19... Bxf1 20. Kxf1 Rd8 21. Qc3 Qb8 22. b3 Qd6 23. a4 h5 24. b4 Qe6 25. b5 Rc8 {1-0 (49) Samant,A (2297)-Bharath,S (2479) Castelldefels 2021}) 20. Qc2 Bxf1 21. Rxf1 h5 22. Qc7 f6 23. Qc4+ Kh8 {[%emt 0:02:04] With the idea ...Rd2.} (23... Kf8 {with more complications.} 24. Rc1 Qb7 25. b3 Rd2) 24. Qc2 {[%emt 0:01:20] Prevents Rd2.} Qb7 25. h3 Rd3 26. Re1 Qe4 27. Kh2 Kh7 {[%emt 0:01:23][%cal Of4g2] Threatens to win with ...Nxg2!} 28. Rc1 h4 29. b3 a5 30. Qc6 Qg6 31. Qc2 f5 32. Kh1 e4 33. Rg1 Ne6 {[%emt 0:06:55] Strongly threatening ...f4.} 34. Re1 $2 (34. Kh2 $15) 34... f4 $19 35. Ng4 {[%emt 0:00:11] [#] Ne5 is the strong threat.} Qf5 {[%emt 0:00:01] Prevents Ne5. Black is more active.} (35... f3 $1 $17 36. gxf3 Nd4) 36. Qc6 Ng5 {[%emt 0:00:13] White must now prevent ...f3.} 37. Qc7 $2 (37. Qe8 $11) 37... f3 {[%emt 0:00:31] ( -> ...fxg2+)} 38. Re3 Rd1+ 39. Kh2 fxg2 {[%emt 0:00:03] Weighted Error Value: White=0.60/Black=0.10 (very precise)} 0-1

[Event "5th Sharjah Masters 2022"]
[Site "Sharjah"]
[Date "2022.05.27"]
[Round "7.20"]
[White "Kuybokarov, Temur"]
[Black "Ter-Sahakyan, Samvel"]
[Result "1/2-1/2"]
[ECO "B97"]
[WhiteElo "2582"]
[BlackElo "2640"]
[Annotator "TA"]
[PlyCount "94"]
[EventDate "2022.05.21"]
[EventType "swiss"]
[EventCountry "UAE"]
[SourceTitle "playchess.com"]
[Source "ChessBase"]
[SourceQuality "1"]
[TimeControl "5400+30"]

1. e4 c5 2. Nf3 d6 3. d4 cxd4 4. Nxd4 Nf6 5. Nc3 a6 6. Bg5 e6 7. f4 Qb6 8. Qd2 Qxb2 9. Rb1 Qa3 10. f5 $1 {[%emt 0:00:09][%mdl 4] is more profitable than 10.e5 at the moment.} Nc6 {[%emt 0:01:53] The position is equal.} 11. fxe6 {[%emt 0:00:09] B97: Sicilian Najdorf: Poisoned Pawn.} Bxe6 12. Rxb7 Nxd4 13. Qxd4 Be7 $1 14. Bc4 {[%emt 0:02:10] [#] aiming for Rf1.} Rc8 15. Nd5 Bxd5 16. Bxd5 Nxd5 17. Qxg7 Rf8 18. exd5 Bxg5 19. Qxg5 {[%emt 0:00:06][%csl Gb7][%cal Rg5e7] [#]} Qc3+ 20. Kf1 Qc4+ 21. Kf2 Qxc2+ 22. Kg3 {[%emt 0:00:19][%csl Gb7][%cal Rg5e7] [#]} Qd3+ $146 ({Predecessor:} 22... Qe4 23. Rf1 h6 24. Qg7 Rc3+ 25. Rf3 Rxf3+ 26. gxf3 Qe1+ 27. Kh3 Qf1+ 28. Kh4 Qf2+ 29. Qg3 Qd2 {1-0 (36) Epiney,F (2273)-Koteski,L (2116) IECG email 2003}) 23. Kh4 $1 ({Don't go for} 23. Kg4 $2 h5+ 24. Kh4 (24. Kxh5 {leads to mate.} Rh8+ 25. Kg4 Rc4+) 24... Rc4+ 25. g4 Rxg4+ 26. Qxg4 hxg4 $19) 23... Qe4+ (23... Qe2 $2 24. Qf5 Rc4+ 25. g4 Rxg4+ 26. Qxg4 $18) 24. g4 {[%emt 0:06:11] Rc1 is the strong threat.} h5 {[%emt 0:02:44] Strongly threatening ...hxg4.} 25. Qf5 Qxg4+ 26. Qxg4 {[%emt 0:00:08] The board is on fire.} hxg4 $11 {[%emt 0:00:04][%mdl 4096] Endgame KRR-KRR} 27. Re1+ Kd8 28. Ree7 Rc2 29. Rbd7+ Kc8 30. Ra7 Kb8 {[%emt 0:08:08] Inhibits Ra8+.} 31. Reb7+ Kc8 32. Rb4 {[%emt 0:09:21] Threatens to win with Ra8+.} Rh8+ 33. Kg3 {[%emt 0:04:43] And now Ra8+ would win.} Rh3+ 34. Kxg4 Rhxh2 35. Rxa6 Rhg2+ 36. Kf5 Rcf2+ 37. Rf4 Rxf4+ 38. Kxf4 {[%emt 0:01:52] KR-KR} Rd2 39. Rxd6 Kc7 40. Rc6+ Kd7 41. Ke5 Re2+ 42. Kf6 Rxa2 43. Kxf7 Rf2+ 44. Kg6 Rd2 45. Rc5 Kd6 46. Ra5 Rxd5 47. Rxd5+ Kxd5 {[%emt 0:00:06] An even fight not without its subleties.  Weighted Error Value: White=0.01 (flawless) /Black=0.00 (flawless)} 1/2-1/2

[Event "5th Sharjah Masters 2022"]
[Site "Sharjah"]
[Date "2022.05.27"]
[Round "7.21"]
[White "Indjic, Aleksandar"]
[Black "Moroni, Luca Jr"]
[Result "1-0"]
[ECO "D02"]
[WhiteElo "2621"]
[BlackElo "2581"]
[Annotator "TA"]
[PlyCount "77"]
[EventDate "2022.05.21"]
[EventType "swiss"]
[EventCountry "UAE"]
[SourceTitle "playchess.com"]
[Source "ChessBase"]
[SourceQuality "1"]
[TimeControl "5400+30"]

1. d4 d5 2. Nf3 Nf6 3. Bf4 c5 4. e3 Nc6 5. Nbd2 Nh5 6. dxc5 {[%emt 0:00:19] D02: 1 d4 d5 2 Nf3 sidelines, including 2...Nf6 3 g3 and 2...Nf6 3 Bf4.} Nxf4 7. exf4 g6 8. c3 {[%emt 0:00:32] White is slightly better.} Bh6 9. g3 a5 10. a4 O-O 11. Nb3 Bg4 {[%emt 0:12:18][%cal Oe7e5] [#]} 12. Be2 $146 (12. h3 $16 Bc8 13. Bb5) ({Predecessor:} 12. Bg2 b6 13. O-O e6 14. h3 Bxf3 15. Bxf3 Qc7 16. Qe2 Rfd8 17. Rfd1 Bg7 18. h4 {0-1 (29) Nihal,S (2650)-Grischuk,A (2773) Chess.com INT 2021}) 12... Bxf3 13. Bxf3 e6 14. h4 b6 15. h5 {[%emt 0:00:09] hxg6 is the strong threat.} Bg7 16. hxg6 hxg6 17. Kf1 Rb8 18. Rb1 Qe7 19. cxb6 Rxb6 20. Be2 Rfb8 21. Bb5 Na7 22. Nd4 Qc5 23. Nb3 (23. Kg2 $5 ) 23... Qe7 24. Nd4 $36 {[%emt 0:00:08][%mdl 2048] White has good play.} Qc5 25. Kg2 Bxd4 26. cxd4 ({Better is} 26. b4 $1 $14 Qxc3 27. Rb3 axb4 28. Rxc3 Bxc3 29. Bd3) 26... Qe7 {[%emt 0:01:05] [#]} (26... Qb4 $1 $11 {keeps the balance.}) 27. Bd3 ({White should try} 27. b4 $1 $16 axb4 28. Qe2) 27... Qf6 28. b3 Nc6 29. Rh6 Nxd4 (29... Ne7 $11) 30. Rc1 (30. Qd2 $1 $14) 30... Nf5 ({Reject} 30... Nxb3 31. Bxg6 fxg6 32. Qg4 Nxc1 33. Rxg6+ Kf7 34. Rxf6+ Kxf6 35. Qg5+ Kf7 36. Qh5+ Kf6 37. Qg5+ Kf7 38. Qh5+ Kf6 39. Qh4+ Kg6 40. Qg5+ Kf7 $11) (30... Rxb3 $15 31. Rh2 R3b4) 31. Bxf5 $11 Qxf5 32. Rc3 $1 Qf6 33. Qc1 {[%emt 0:00:29] White wants to mate with Rc8+.} Rd8 {[%emt 0:01:58] [#]} (33... Rxb3 {leads to mate.} 34. Rc8+) (33... Qd8 $11 {and Black has nothing to worry.}) 34. g4 $1 $18 {[%emt 0:00:45][%cal Bg3g4,Bg4g5][%mdl 32] And now Rch3 would win.} Rbb8 35. Rch3 {[%emt 0:07:48][%cal Of4f5] aiming for f5!} Qd4 $2 (35... Rbc8 36. g5 Qg7) 36. g5 {[%emt 0:00:28][%cal Of4f5] Threatens to win with f5! White is clearly winning.} Rdc8 37. Qe3 Qg7 38. Qa7 {[%emt 0:00:26] Qe7 would kill now.} Rb4 39. Rh7 {[%emt 0:00:50] Weighted Error Value: White=0.16 (very precise) /Black=0.38} 1-0

[Event "5th Sharjah Masters 2022"]
[Site "Sharjah"]
[Date "2022.05.27"]
[Round "7.22"]
[White "Ganguly, Surya Shekhar"]
[Black "Davtyan, Artur"]
[Result "0-1"]
[ECO "C54"]
[WhiteElo "2616"]
[BlackElo "2488"]
[Annotator "TA"]
[PlyCount "88"]
[EventDate "2022.05.21"]
[EventType "swiss"]
[EventCountry "UAE"]
[SourceTitle "playchess.com"]
[Source "ChessBase"]
[SourceQuality "1"]
[TimeControl "5400+30"]

1. e4 e5 2. Nf3 Nc6 3. Bc4 Nf6 4. d3 Bc5 5. O-O d6 6. c3 O-O 7. Re1 h6 8. h3 a5 {[%emt 0:05:20] 8...Bb6 is the recent fashion. C54: Giuoco Piano: 4 c3 Nf6, main lines with 5 d4 and 5 d3.} 9. Nbd2 Ba7 10. Nf1 Ne7 {[%emt 0:09:25][%cal Oa5a4,Bc6e7,Be7g6,Bg6e5][%mdl 32] White has an edge.} 11. Bb3 Ng6 12. Ng3 {[%emt 0:10:11] [#]} Nh7 $146 ({Predecessor:} 12... Re8 13. d4 c6 14. Bc2 Be6 15. Be3 Qc7 16. a4 Rad8 17. Qd2 Bb8 18. Rad1 d5 19. exd5 Bxd5 20. Bxg6 Bxf3 21. Bxf7+ Qxf7 22. gxf3 exd4 23. cxd4 {0-1 (32) Ragger,M (2687)-Nakamura,H (2746) St Petersburg 2018}) 13. d4 Ng5 14. Nxg5 hxg5 15. dxe5 ({White should play} 15. Nf5 $14) 15... Nxe5 (15... a4 $5 16. Bxa4 Nxe5 $11) 16. Qh5 Qf6 17. Bxg5 $2 (17. Rf1 $11 {and White stays safe.}) 17... Qxf2+ $19 18. Kh2 {[%emt 0:00:09] [#] And now Rf1 would win.} Bg4 $1 19. hxg4 {[%emt 0:00:27] [#]} g6 {[%emt 0:03:00][%cal Bg7g6,Bg6h5][%mdl 32] Prevents Nf5.} ({Worse is} 19... Nf3+ 20. Kh3 Nxe1 21. Rxe1 Qxe1 22. Qg6 $11) 20. Rf1 gxh5 {[%emt 0:00:55] Really sharp!} 21. Rxf2 Nxg4+ ({Inferior is} 21... Bxf2 22. gxh5 a4 23. Bc2 $15) 22. Kh3 Nxf2+ 23. Kh4 Rae8 24. Bh6 {[%emt 0:02:24] [#]} Nxe4 $1 25. Nxh5 {[%emt 0:00:04] [#]} Re5 $1 26. Bxf8 Kxf8 27. g4 (27. Nf4 $142) 27... Bf2+ 28. Kh3 Be1 29. Kg2 ({Wrong is} 29. Rxe1 $2 Ng5+ 30. Kh4 Nf3+ 31. Kg3 Nxe1 $19) 29... Nd2 {[%emt 0:00:04] Hoping for ...Re2+.} 30. Nf4 {[%emt 0:07:21] Prevents Re2+.} Re4 31. Bd5 Rxf4 32. Rxe1 Rxg4+ {[%emt 0:01:48][%mdl 4096] Endgame KRB-KRN} 33. Kh3 Rg5 34. Bxb7 Rb5 35. Bc6 {[%emt 0:01:43] Now White is beyond hope.} (35. Re2 $17) 35... Rxb2 36. Re8+ Kg7 37. Re7 Rc2 38. Bd5 Rxc3+ 39. Kg4 Kf6 40. Rxf7+ Ke5 41. Bb7 Rc4+ 42. Kg5 Ne4+ {[%emt 0:00:48] Black is clearly winning.} 43. Kg6 Kd4 44. Kf5 d5 {[%emt 0:00:07] Weighted Error Value: White=0.33/Black=0.07 (flawless)} 0-1

[Event "5th Sharjah Masters 2022"]
[Site "Sharjah"]
[Date "2022.05.27"]
[Round "7.23"]
[White "Aryan Chopra"]
[Black "Erdogdu, Mert"]
[Result "1-0"]
[ECO "B81"]
[WhiteElo "2609"]
[BlackElo "2407"]
[Annotator "TA"]
[PlyCount "95"]
[EventDate "2022.05.21"]
[EventType "swiss"]
[EventCountry "UAE"]
[SourceTitle "playchess.com"]
[Source "ChessBase"]
[SourceQuality "1"]
[TimeControl "5400+30"]

1. e4 c5 2. Nf3 d6 3. d4 cxd4 4. Nxd4 Nf6 5. Nc3 a6 6. Be3 e6 7. a3 b5 8. g4 Bb7 9. Bg2 h6 {[%emt 0:03:38] 9...Be7 is becoming the main line.} 10. h4 Nfd7 {[%emt 0:08:34] B81: Sicilian Scheveningen: Keres Attack.} 11. g5 {[%emt 0:05:58] White is more active.} (11. Qe2 $14) 11... hxg5 $1 $11 12. hxg5 Rxh1+ {[%emt 0:00:04] The position is equal.} 13. Bxh1 g6 {[%emt 0:03:40] [#]} 14. Qe2 $146 ({Predecessor:} 14. f4 Nb6 15. Qd3 Nc4 16. O-O-O Nd7 17. Nxe6 fxe6 18. e5 Ndxe5 19. fxe5 Nxe5 20. Qf1 {0-1 (46) Kozhevnikov,I (1942)-Yudin,I (2250) Moscow 2011}) 14... Nc6 {[%emt 0:02:07] aiming for ...Nxd4.} 15. Nxc6 Bxc6 16. O-O-O Qb8 {[%emt 0:05:56] [#]} 17. Nd5 $1 a5 (17... exd5 $2 18. exd5 Ne5 19. dxc6 $18) 18. b3 Bg7 {[%emt 0:02:58] [#] Prevents Nf6+.} (18... exd5 $2 19. exd5 Bxd5 20. Ba7+ Be6 21. Bxb8 $18) 19. f4 $1 Bxd5 (19... exd5 $2 20. exd5 Kf8 21. dxc6 $18) (19... Qb7 20. Bd4) 20. exd5 e5 21. Be4 {[%emt 0:15:21] f5 is the strong threat.} exf4 22. Bxf4 {[%emt 0:00:24] Strongly threatening Bxg6+.} Ne5 23. Rh1 Kf8 24. Qf2 Qe8 25. Bd2 b4 26. a4 ({Reject} 26. axb4 a4 27. Qd4 axb3 28. cxb3 Ng4 29. Rh8+ Bxh8 30. Qxh8+ Ke7 31. Qxe8+ Kxe8 $17) 26... Ng4 27. Qf4 Qe5 28. Qxe5 Nxe5 29. Kd1 Re8 {[%emt 0:01:30] Threatens to win with ...Ng4.} 30. Rf1 Kg8 31. Re1 Nd7 32. Bg2 Rxe1+ 33. Bxe1 {[%emt 0:00:01][%mdl 4096] Endgame KBB-KBN} Bd4 34. c3 bxc3 35. Kc2 f6 36. Bxc3 (36. gxf6 {is interesting.} Kf7 37. Bxc3 Bxc3 38. Kxc3 Nc5 39. b4) 36... Bxc3 37. Kxc3 {[%emt 0:00:02] Black must now prevent b4.} fxg5 {[%emt 0:00:20] KB-KN} 38. b4 axb4+ $2 {[%emt 0:00:21][%mdl 8192] A mistake that costs the game.} (38... Kf7 $11) 39. Kxb4 Kf7 40. a5 Ke7 {[%emt 0:00:12] [#]} 41. Kb5 $1 Kd8 {[%emt 0:00:15] [#]} 42. Kc6 $1 Nc5 43. Bh3 Ke7 44. Kb6 (44. Bf1 $142 Nb3 45. a6 g4 46. a7 Kf6 47. a8=Q Nd4+ 48. Kxd6 Nf3 49. Qf8+ Kg5 50. Ke7) 44... Na4+ 45. Kb5 Nc3+ 46. Kc6 Na2 47. a6 Nb4+ 48. Kb7 {[%emt 0:00:06] Weighted Error Value: White=0.07 (flawless) /Black=0.41} 1-0

[Event "5th Sharjah Masters 2022"]
[Site "Sharjah"]
[Date "2022.05.27"]
[Round "7.24"]
[White "Sankalp Gupta"]
[Black "Hovhannisyan, Robert"]
[Result "1-0"]
[ECO "C65"]
[WhiteElo "2505"]
[BlackElo "2607"]
[Annotator "TA"]
[PlyCount "78"]
[EventDate "2022.05.21"]
[EventType "swiss"]
[EventCountry "UAE"]
[SourceTitle "playchess.com"]
[Source "ChessBase"]
[SourceQuality "1"]
[TimeControl "5400+30"]

1. e4 e5 2. Nf3 Nc6 3. Bb5 Nf6 4. d3 Bc5 5. Bxc6 dxc6 6. Nbd2 {[%emt 0:00:04] C65: Ruy Lopez: Berlin Defence (3...Nf6), unusual lines and 4 0-0 Bc5.} Bg4 7. h3 Bh5 8. Nb3 {[%emt 0:00:06] The position is equal.} Bd6 9. g4 Bg6 10. Na5 Bb4+ 11. Bd2 Bxa5 12. Bxa5 Nd7 13. Qe2 Qe7 14. Bc3 O-O-O 15. O-O-O f6 16. Nh4 {[%emt 0:01:27] [#]} Nf8 $146 ({Predecessor:} 16... Nc5 17. Nf5 Qf7 18. Kb1 Ne6 19. Bd2 {½-½ (19) Steinke,R (2351)-Nemec,Z (2370) LSS email 2015}) 17. Qe3 b6 18. f4 exf4 19. Qxf4 Ne6 20. Qe3 Rhe8 21. Rhg1 Kb7 22. Kb1 a5 23. Rdf1 a4 24. Nf5 Qd7 25. h4 h6 {[%emt 0:16:05] [#]} 26. Nxg7 $1 Qxg7 (26... Nxg7 $2 27. Bxf6 (27. Rxf6 Bxe4 28. dxe4 Rxe4 $15) (27. Qxh6 Bf7 $16) 27... Bf7 28. a3 $16 (28. Bxg7 Bxa2+ 29. Kxa2 Qxg7 $18) (28. Qxh6 Re6 $14) (28. Bxd8 Rxd8 29. Qxh6 a3 $16)) 27. Bxf6 Qh7 28. Bxd8 Nxd8 29. Rf6 $36 {[%emt 0:01:51][%mdl 2048] Threatens to win with h5. White is really pushing.} Qg7 30. Rgf1 Bf7 31. g5 hxg5 32. Qxg5 Qh8 33. a3 {[%emt 0:03:24] White is more active.} Re7 {[%emt 0:05:12][%mdl 8192] [#] Black cannot hold the game after this.} (33... Rg8 $16 34. Qh6 c5) 34. Rd6 $1 $18 cxd6 (34... Re8 $142) 35. Qxe7+ Kc8 36. Qxd6 Qh5 37. Qf6 Be6 38. Rg1 c5 $2 (38... Qe2 39. Qg5 Bf7 40. Qg4+ Qxg4 41. Rxg4 Ne6) 39. Qe7 {[%emt 0:06:44] Strongly threatening Qg5.} Qe5 {[%emt 0:02:57] Weighted Error Value: White=0.11 (very precise) /Black=0.30} 1-0

[Event "5th Sharjah Masters 2022"]
[Site "Sharjah"]
[Date "2022.05.27"]
[Round "7.25"]
[White "Aditya Mittal"]
[Black "Yuffa, Daniil"]
[Result "0-1"]
[ECO "D15"]
[WhiteElo "2490"]
[BlackElo "2597"]
[Annotator "TA"]
[PlyCount "78"]
[EventDate "2022.05.21"]
[EventType "swiss"]
[EventCountry "UAE"]
[SourceTitle "playchess.com"]
[Source "ChessBase"]
[SourceQuality "1"]
[TimeControl "5400+30"]

1. d4 d5 2. c4 c6 3. Nf3 Nf6 4. Nc3 a6 5. e3 b5 6. b3 Bg4 7. a4 {[%emt 0:00:31][%cal Ra4b5] is recently more successful than 7.Be2. D15: Slav Defence: 4 Nc3 a6 and gambit lines after 4 Nc3 dxc4.} bxc4 8. bxc4 e6 9. Bd2 {[%emt 0:02:59] [#] White is slightly better.} Bxf3 $146 ({Predecessor:} 9... Nbd7 10. h3 Bh5 11. c5 Be7 12. a5 O-O 13. Na4 Qc7 14. Nb6 Ra7 15. Be2 e5 {1-0 (35) Bluebaum,M (2651)-Schneider,I (2486) Playchess.com INT 2020}) 10. gxf3 Bb4 11. c5 a5 12. Na2 Bxd2+ 13. Qxd2 Nbd7 14. Rg1 (14. Bh3 $11 {keeps the balance.}) 14... O-O $17 15. f4 Ne4 16. Qc2 Qf6 17. Nc3 {[%emt 0:09:25] [#]} Ndxc5 18. Nxe4 $1 $11 Nxe4 19. Bd3 Rab8 20. Bxe4 dxe4 21. Rg5 Qh6 22. Qxe4 Qxh2 {[%emt 0:05:27] White must now prevent ...Rb2.} 23. Kf1 $1 g6 24. Rxa5 Rb2 25. Qg2 Qh4 $40 {[%emt 0:00:30][%mdl 128] Black mounts an attack.} 26. Rc5 Rfb8 27. a5 Rd2 28. Kg1 $1 ({But not} 28. a6 $2 Rbb2 29. Rg5 Rxf2+ 30. Kg1 Rxg2+ $19) 28... Rbb2 29. Rf1 Ra2 30. Qg5 $2 {[%emt 0:01:42] Now White is beyond hope.} (30. Qf3 $15) 30... Qh3 $19 31. Qg2 {[%emt 0:01:00] [#]} (31. f5 {was the only chance.} exf5 32. Qf4 (32. Qd8+ {gets mated.} Kg7)) 31... Qxe3 $3 32. Rxc6 {[%emt 0:12:59] aiming for Rc8+.} Qxf4 33. Rc5 Qxd4 34. Rb5 (34. Rg5 $142) 34... Kg7 {[%emt 0:00:28] Strongly threatening ...Ra1.} 35. Qg3 Rd3 36. Qg5 (36. Qe5+ $142 Qxe5 37. Rxe5) 36... h6 (36... Re2 $142 {( -> ...h6)} 37. Rb8 Re4) 37. Qg2 {[%emt 0:00:00] [#]} (37. Qe5+ $19 Qxe5 38. Rxe5) 37... Rda3 (37... Rxf2 $142 $3 38. Rxf2 Rd1+ 39. Qf1 Rxf1+ 40. Kxf1 Qc4+ 41. Kg1 Qxb5 42. Rf1 Qxa5 43. Kh2 Qe5+ 44. Kh1 h5 45. Kg2 Qe4+ 46. Kh3 Qg4+ 47. Kh2 Qe2+ 48. Kg1 h4 49. Rf2 Qe1+ 50. Rf1 Qe3+ 51. Rf2 h3 52. Kf1 Qg3 53. Ke2 h2 54. Rxh2 Qxh2+ 55. Kd3 Qd6+ 56. Ke3 Qd5 57. Kf2 Qd2+ 58. Kf3 g5 59. Ke4 Kf6 60. Kf3 Kf5 61. Kg3 g4 62. Kh4 Qh2#) 38. Rfb1 Rxa5 39. R5b4 Qf6 {[%emt 0:00:30] Weighted Error Value: White=0.79/Black=0.47} 0-1